 Dungeon Crawl Stone Soup version 0.27-a0-1144-g0b7d3b79db (webtiles) character file.

Game seed: 7287114147645879476

799 leviel the Chopper (level 7, -2/62 HPs)
             Began as a Minotaur Fighter on May 10, 2021.
             Was an Initiate of Ru.
             Slain by an ice beast (11 damage)
             ... on level 5 of the Dungeon.
             The game lasted 00:04:12 (4059 turns).

leviel the Chopper (Minotaur Fighter)               Turns: 4059, Time: 00:04:13

Health: -2/62      AC:  7    Str: 22    XL:     7   Next: 59%
Magic:  6/6        EV:  8    Int:  5    God:    Ru [......]
Gold:   256        SH: 10    Dex: 10    Spells: 6/6 levels left

rFire    + . .     SeeInvis +   a - +0 war axe
rCold    . . .     Faith    .   c - +0 kite shield
rNeg     . . .     Spirit   .   b - +0 scale mail
rPois    .         Reflect  .   (helmet restricted)
rElec    .         Harm     .   (no cloak)
rCorr    .         Rampage  .   (no gloves)
Will     .....                  (no boots)
Stlth    ..........             (no amulet)
HPRegen  0.20/turn              e - ring of see invisible
MPRegen  0.10/turn              i - ring of protection from fire

@: no status effects
A: horns 2, retaliatory headbutt
a: Renounce Religion


You were on level 5 of the Dungeon.
You worshipped Ru.
Ru was noncommittal.
You visited 2 branches of the dungeon, and saw 6 of its levels.

You collected 256 gold pieces.

Inventory:

Hand Weapons
 a - a +0 war axe (weapon)
Armour
 b - a +0 scale mail (worn)
 c - a +0 kite shield (worn)
Jewellery
 e - a ring of see invisible (left hand)
 h - a ring of fire
 i - a ring of protection from fire (right hand)
Wands
 p - a wand of iceblast (12)
Scrolls
 f - a scroll of fear {unknown}
 g - 3 scrolls of teleportation {unknown}
 j - 2 scrolls of enchant armour {unknown}
 m - 5 scrolls of identify {unknown}
 q - a scroll of fog {unknown}
Potions
 d - a potion of might
 k - a potion of brilliance {unknown}
 l - a potion of curing
 n - a potion of mutation {unknown}
 o - 5 potions of heal wounds {unknown}
 r - 2 potions of lignification {unknown}
 s - a potion of flight {unknown}
 t - a potion of degeneration {unknown}


   Skills:
 + Level 5.6 Fighting
 * Level 6.8 Axes
 + Level 6.0 Armour
 - Level 0.8 Dodging
 + Level 5.7 Shields


You had 6 spell levels left.
You didn't know any spells.
Your spell library contained the following spells:

 Spells                   Type           Power      Damage    Failure   Level
 Sandblast                Erth           0%         2d4       99%         1
 Passwall                 Tmut/Erth      0%         N/A       100%        2
 Confusing Touch          Hex            0%         N/A       100%        3
 Gell's Gravitas          Tloc           0%         N/A       100%        3
 Stone Arrow              Conj/Erth      0%         3d7       100%        3
 Petrify                  Tmut/Erth      0%         N/A       100%        4
 Lee's Rapid Deconstruct  Erth           0%         3d5*      100%        5
 Metabolic Englaciation   Hex/Ice        0%         N/A       100%        5
 Yara's Violent Unravell  Hex/Tmut       0%         3d3       100%        5


Dungeon Overview and Level Annotations

Branches:
Dungeon (5/15)             Temple (1/1) D:4

Altars:
Ashenzari
Cheibriados
Elyvilon
Gozag
Hepliaklqana
Kikubaaqudgha
Makhleb
Nemelex Xobeh
Okawaru
Qazlal
Ru
Trog
Uskayaw
Vehumet
Wu Jian
Xom
Zin


Innate Abilities, Weirdness & Mutations

You have a pair of horns on your head.
You reflexively headbutt those who attack you in melee.


Message History

You block the ice beast's attack.
The sky beast flickers out of sight for a moment.
You barely miss the ice beast. You headbutt the ice beast!
The ice beast is almost dead.
You block the ice beast's attack. The ice beast barely misses you.
You furiously retaliate!
You headbutt the ice beast, but do no damage.
Your shield and scale mail prevent you from hitting the ice beast.
The ice beast is almost dead.
The sky beast flickers out of sight for a moment.
The ice beast hits you. The ice beast freezes you!
* * * LOW HITPOINT WARNING * * *
You hit the ice beast but do no damage. Your headbutt misses the ice beast.
The ice beast is almost dead.
You block the ice beast's attack.
You hit the ice beast but do no damage.
The ice beast is almost dead.
The ice beast hits you but does no damage. x2
You hit the ice beast but do no damage.
The ice beast is almost dead.
You block the ice beast's attack.
Your shield prevents you from hitting the ice beast.
The ice beast is almost dead.
The ice beast hits you.
* * * LOW HITPOINT WARNING * * *
The ice beast freezes you!
* * * LOW HITPOINT WARNING * * *
It was a potion of curing.
You feel better. The ice beast barely misses you.
You closely miss the ice beast.
The ice beast is almost dead.
The ice beast hits you but does no damage. x2
You closely miss the ice beast.
The ice beast is almost dead.
You block the ice beast's attack.
You completely miss the ice beast. Your headbutt misses the ice beast.
The ice beast is almost dead.
The ice beast hits you.
* * * LOW HITPOINT WARNING * * *
The ice beast freezes you!
You die...

.....8 #.....##
8.....#### ###
#.....#8###8###
#............#
#⌠...........#
##.......YY..Y#
###.....#8###8#Y#
## #8.....####
###@####..#
##.....##
#......# ......8#
###.##.# .....###
######.##.#
....##
#.........# .#8##
...#####.#.# .###
#.# # .# #.#
....... #.#


You could see an ice beast and a sky beast.

Vanquished Creatures
  2 black bears (D:5)
  An ogre (D:4)
  A bullfrog (D:4)
  A scorpion (D:5)
  2 howler monkeys
  2 hounds (D:4)
  A bullfrog skeleton (D:4)
  A centaur skeleton (D:4)
  2 iguanas
  A hound skeleton (D:4)
  8 adders
  A dart slug (D:1)
  2 orcs
  5 ball pythons
  9 endoplasms
  4 giant cockroaches
  17 goblins
  6 hobgoblins
  6 jackals
  6 kobolds
  3 quokkas
  6 bats
  2 frilled lizards
  2 rats (D:1)
91 creatures vanquished.

Notes
Turn   | Place    | Note
-------+----------+-------------------------------------------
     0 | D:1      | leviel the Minotaur Fighter began the quest for the Orb.
     0 | D:1      | Reached XP level 1. HP: 19/19 MP: 0/0
    56 | D:1      | Found a faded altar of an unknown god.
   256 | D:1      | Reached XP level 2. HP: 25/27 MP: 1/1
   569 | D:1      | Reached XP level 3. HP: 33/33 MP: 2/2
   845 | D:2      | Reached XP level 4. HP: 20/40 MP: 3/3
  2053 | D:3      | Found a bloodstained altar of Trog.
  2245 | D:3      | Reached XP level 5. HP: 38/46 MP: 4/4
  2991 | D:4      | Reached skill level 5 in Armour
  3054 | D:4      | Found a staircase to the Ecumenical Temple.
  3065 | D:4      | Reached skill level 5 in Axes
  3068 | D:4      | Reached XP level 6. HP: 40/53 MP: 5/5
  3084 | Temple   | Entered the Ecumenical Temple
  3184 | Temple   | Became a worshipper of Ru the Awakened
  3274 | D:4      | Reached skill level 5 in Shields
  3397 | D:4      | Reached skill level 5 in Fighting
  3683 | D:4      | Found a sparkling altar of Nemelex Xobeh.
  3740 | D:5      | Entered Level 5 of the Dungeon
  3755 | D:5      | Reached XP level 7. HP: 51/61 MP: 6/6
  4055 | D:5      | HP: 1/62 [ice beast (7)]
  4059 | D:5      | Slain by an ice beast

Illustrated notes

Levels and vault maps discovered:
D:1:      kennysheep_arrival_seaside, layout_loops_ring,
          hellmonk_ecumenical_altar_lost_god, corexii_item_surrounded_by_moat
D:2:      layout_basic, st_stairs_5, minmay_goblin_kobold_house
D:3:      layout_loops_corners, lemuel_round_altar
D:4:      layout_basic, lemuel_doored_altar, temple_doors_e
D:5:      layout_rooms, serial_corexii_hall, chequers_hall_statues_y,
          corexii_hall_statues_l, item_on_display_a
Temple:   minmay_freezing_vapour_temple

Skill      XL: |  1  2  3  4  5  6  7 |
---------------+----------------------+-----
Armour         | 4 5 6 |  6.0
Shields        | 4 5 |  5.7
Axes           | 3 4 5 6 |  6.8
Fighting       | 4 5 |  5.6
Dodging        | |  0.8

Action                   |  1- 3 |  4- 6 |  7- 9 || total
-------------------------+-------+-------+-------++-------
Melee: War axe           |    54 |   147 |    33 ||   234
       Headbutt          |    12 |    20 |     6 ||    38
  Use: Potion            |       |       |     1 ||     1
Armor: Scale mail        |    23 |    71 |    10 ||   104
Dodge: Dodged            |    25 |    54 |     9 ||    88
Block: Kite shield       |    34 |    90 |    27 ||   151

Table legend: (Time is in decaauts)
 A = Elapsed time spent in this place.
 B = Non-inter-level travel time spent in this place.
 C = Inter-level travel time spent in this place.
 D = Time resting spent in this place.
 E = Time spent auto-exploring this place.
 F = Levels seen in this place.
 G = Mean time per level.
                   A        B        C        D        E       F      G
               +--------+--------+--------+--------+--------+-----+--------+
         Total |   4173 |   3974 |    199 |    202 |   3137 |   6 |  695.5 |
       Dungeon |   4067 |   3868 |    199 |    202 |   3046 |   5 |  813.4 |
        Temple |    105 |    105 |      0 |      0 |     91 |   1 |  105.0 |
               +--------+--------+--------+--------+--------+-----+--------+

Top non-repeatable levels by time:
     D:3: 994 daAuts
     D:2: 980 daAuts
     D:4: 902 daAuts
     D:1: 858 daAuts
     D:5: 332 daAuts
  Temple: 105 daAuts
